 Dungeon Crawl Stone Soup version 0.19-a0-1899-g2d93087 (webtiles) character file.

20 poirepourri the Sneak (level 2, 0/13 HPs)
             Began as a Spriggan Enchanter on Oct 19, 2016.
             Slain by a jackal (2 damage)
             ... on level 1 of the Dungeon.
             The game lasted 00:01:25 (694 turns).

poirepourri the Sneak (Spriggan Enchanter)           Turns: 694, Time: 00:01:26

Health: 0/13       AC:  3    Str:  4    XL:     2   Next: 58%
Magic:  5/6        EV: 18    Int: 16    God:
Gold:   21         SH:  0    Dex: 16    Spells: 2 memorised, 3 levels left

rFire  . . .     SeeInvis +     a - +1 dagger
rCold  . . .     Gourm    .     b - +1 robe
rNeg   . . .     Faith    .     (shield restricted)
rPois  .         Spirit   .     (helmet restricted)
rElec  .         Reflect  .     (no cloak)
rCorr  .         Harm     .     (gloves unavailable)
MR     .....                    (boots unavailable)
Stlth  +++.......               (no amulet)
                                (no ring)
                                (no ring)

@: very quick
A: unfitting armour, see invisible, herbivore 3, speed 3, slow metabolism 2
a: no special abilities


You were on level 1 of the Dungeon.
You were not hungry.

You visited 1 branch of the dungeon, and saw 1 of its levels.

You collected 21 gold pieces.

Inventory:

Hand Weapons
 a - a +1 dagger (weapon)
Armour
 b - a +1 robe (worn)
Scrolls
 e - a scroll of blinking
Books
 c - a book of Maledictions

   Spells                             Type                      Level
   a - Corona                         Hexes                        1
   b - Ensorcelled Hibernation        Hexes/Ice                    2
   c - Confuse                        Hexes                        3
   d - Tukima's Dance                 Hexes                        3
   e - Dazzling Spray                 Conjuration/Hexes            3
Comestibles
 d - a bread ration


   Skills:
 + Level 1.2 Short Blades
 + Level 3.2 Dodging
 * Level 5.2 Stealth
 + Level 2.9 Spellcasting
 + Level 3.9 Hexes


You had 3 spell levels left.
You knew the following spells:

 Your Spells              Type           Power        Failure   Level  Hunger
a - Corona                Hex            ###....      4%          1    #......
b - Ensorcelled Hibernat  Hex/Ice        #.....       14%         2    ##.....


Dungeon Overview and Level Annotations

Branches:
Dungeon (1/15)

Altars:


Innate Abilities, Weirdness & Mutations

You are very small and have problems with some larger weapons.
You are too small for most types of armour.
You have supernaturally acute eyesight. (SInv)
You are a herbivore.
You cover ground extremely quickly.
You need consume almost no food.


Message History

The jackal is severely wounded.
The jackal bites you. The jackal misses you. x2
You barely miss the jackal.
The jackal is severely wounded.
The jackal completely misses you. The jackal bites you.
The jackal completely misses you. The jackal closely misses you.
You hit the jackal but do no damage.
The jackal is severely wounded.
The jackal closely misses you. The jackal barely misses you.
The jackal completely misses you. The jackal closely misses you.
The jackal bites you.
* * * LOW HITPOINT WARNING * * *
You hit the jackal but do no damage.
The jackal is severely wounded.
The jackal closely misses you. The jackal misses you.
The jackal barely misses you.
You closely miss the jackal.
The jackal is severely wounded.
The jackal misses you. The jackal bites you.
You die...

#.# ####.######
#.........# #.##†####.#
##### #.##.# *,* #....
************ #....# *,*
#.### *,,,,,,,,,,* #..###
*,* #....
*,,,,,***#.######...## *,*
#.###
*,,,,,,,,......h@h...# *,*
#.# *,,,,,***#.######h..##
*,* #.#
*,,,,,**,,,,,,,,.b..# *,*
#.#
***,,***,*,****###..#**
#,* #.# *,,*
*,*,*******....* #[###.#
*,,* *,,,,,,,,,,....#
#.....### **,,*
***,*******....#*####.....
*,,,*
*,*****,,.....,.###.....
*,*,*
*,,,,,,,,,,,,,,.........


You could see 3 jackals and a bat.

Vanquished Creatures
  2 leopard geckos (D:1)
  2 giant cockroaches (D:1)
  3 goblins (D:1)
  A hobgoblin (D:1)
  6 bats (D:1)
  A rat (D:1)
15 creatures vanquished.

Notes
Turn   | Place    | Note
-------+----------+-------------------------------------------
     0 | D:1      | poirepourri the Spriggan Enchanter began the quest for the Orb.
     0 | D:1      | Reached XP level 1. HP: 9/9 MP: 5/5
   206 | D:1      | Reached XP level 2. HP: 8/13 MP: 4/6
   481 | D:1      | Learned a level 2 spell: Ensorcelled Hibernation
   560 | D:1      | Reached skill level 5 in Stealth
   694 | D:1      | Slain by a jackal

Vault maps used:
D:1:      lemuel_arrival_room, minmay_tromino_v4_a

Skill      XL: |  1  2 |
---------------+-------+-----
Stealth        | 5 |  5.2
Short Blades   | |  1.2
Dodging        | |  3.2
Spellcasting   | |  2.9
Hexes          | |  3.9

Action                   || total
-------------------------++-------
Melee: Dagger            ||    61
 Cast: Corona            ||     2
       Ensorcelled Hiber ||     5
  Use: Scroll            ||     5
 Stab: Sleeping          ||     4
Armor: Robe              ||    20
Dodge: Dodged            ||   109
